 Dungeon Crawl Stone Soup version 0.30-a0-305-g026cb31310 (webtiles) character file.

Game seed: 11856826958116490508

98 Lanoc the Digger (level 4, -6/24 HPs)
             Began as a Deep Elf Earth Elementalist on Oct 23, 2022.
             Was a Follower of Uskayaw.
             Mangled by Crazy Yiuf
             ... wielding a +4 quarterstaff of chaos
              (13 damage)
             ... on level 2 of the Dungeon.
             The game lasted 00:02:21 (1877 turns).

Lanoc the Digger (Deep Elf Earth Elementalist)      Turns: 1877, Time: 00:02:22

Health: -6/24      AC:  3    Str:  5    XL:     4   Next: 43%
Magic:  8/10       EV: 13    Int: 22    God:    Uskayaw [*.....]
Gold:   149        SH:  0    Dex: 15    Spells: 8/9 levels left

rFire   . . .      SeeInvis .    d - +2 short sword (venom)
rCold   . . .      Faith    .    (no shield)
rNeg    . . .      Spirit   .    a - +0 robe
rPois   .          Reflect  .    (no helmet)
rElec   .          Harm     .    (no cloak)
rCorr   .          Rampage  .    (no gloves)
Will    .....                    o - +0 pair of boots
Stlth   ++........               (no amulet)
HPRegen 0.24/turn                (no ring)
MPRegen 0.12/turn                (no ring)

@: studying Summonings
A: no striking features
a: Renounce Religion, Stomp


You were on level 2 of the Dungeon.
You worshipped Uskayaw.
Uskayaw was noncommittal.
You visited 1 branch of the dungeon, and saw 2 of its levels.

You collected 149 gold pieces.

Inventory:

Hand Weapons
 d - a +2 short sword of venom (weapon)
Armour
 a - a +0 robe (worn)
 g - a +1 scale mail of fire resistance
 o - a +0 pair of boots (worn)
Scrolls
 e - a scroll of blinking {unknown}
 f - 2 scrolls of enchant armour {unknown}
 h - a scroll of magic mapping {unknown}
 i - 5 scrolls of identify {unknown}
 j - a scroll of amnesia {unknown}
 m - a scroll of poison {unknown}
 n - a scroll of noise {unknown}
Potions
 b - 2 potions of magic
 c - 2 potions of might {unknown}
 k - a potion of lignification {unknown}
 l - 2 potions of curing {unknown}


   Skills:
 + Level 3.8 Dodging
 - Level 2.4 Stealth
 - Level 3.0 Spellcasting
 - Level 1.1 Transmutations
 * Level 5.1 Earth Magic


You had 8 spell levels left.
You knew the following spells:

 Your Spells              Type           Power      Damage    Failure   Level
a - Sandblast             Erth           50%        2d12      1%          1

Your spell library contained the following spells:

 Spells                   Type           Power      Damage    Failure   Level
 Passwall                 Tmut/Erth      14%        N/A       5%          2
 Stone Arrow              Conj/Erth      28%        3d8       13%         3
 Ensorcelled Hibernation  Hex/Ice        6%         N/A       19%         2
 Petrify                  Tmut/Erth      17%        N/A       34%         4
 Swiftness                Air            3%         N/A       36%         3


Dungeon Overview and Level Annotations

Branches:
Dungeon (2/15)

Altars:
Uskayaw

Annotations:
D:2 Crazy Yiuf


Message History

Casting: Sandblast (safe; 1% risk of failure)
Confirm with . or Enter, or press ? or * to list all spells.
You can't see any susceptible monsters within range! (Use Z to cast anyway.)
A rat comes into view.
A rat is nearby!
Casting: Sandblast (safe; 1% risk of failure)
Confirm with . or Enter, or press ? or * to list all spells.
You can't see any susceptible monsters within range! (Use Z to cast anyway.)
Casting: Sandblast (safe; 1% risk of failure)
Confirm with . or Enter, or press ? or * to list all spells.
Aiming: Sandblast (safe; 1% risk of failure)
Press: ? - help, Shift-Dir - straight line, f - rat
Aim: a rat (asleep, 100% to hit)
The blast of sand hits the rat!
You kill the rat!
There is a stone staircase leading up here.
You see here a quokka skeleton.
Crazy Yiuf shouts!
You open the door.
Casting: Sandblast (safe; 1% risk of failure)
Confirm with . or Enter, or press ? or * to list all spells.
Aiming: Sandblast (safe; 1% risk of failure)
Press: ? - help, Shift-Dir - straight line, f - Crazy Yiuf
Aim: Crazy Yiuf, wielding a +4 quarterstaff of chaos and wearing a +0 cloak (85% to hit)
The blast of sand hits Crazy Yiuf!
Crazy Yiuf is almost dead.
Crazy Yiuf drinks a potion.
Crazy Yiuf goes berserk!
Crazy Yiuf hits you with a +4 quarterstaff of chaos!
Ouch! That really hurt!
Casting: Sandblast (safe; 1% risk of failure)
Confirm with . or Enter, or press ? or * to list all spells.
Aiming: Sandblast (safe; 1% risk of failure)
Press: ? - help, Shift-Dir - straight line, f/p - Crazy Yiuf
Aim: Crazy Yiuf, wielding a +4 quarterstaff of chaos and wearing a +0 cloak (almost dead, berserk, 85% to hit)
The blast of sand misses Crazy Yiuf.
Crazy Yiuf hits you with a +4 quarterstaff of chaos.
* * * LOW HITPOINT WARNING * * *
You are electrocuted!
Ouch! That really hurt!
You die...

.....##.#####.#
.....##<...####
.....#######
.....# #####
.....# #..)#
#.#### #...#
#.# ... #.# #g#
#.# ♣♣@♣ #.#
♣.♣♣ #.# ♣♣.♣
#.##########
♣.♣♣
#..........#
♣♣.♣♣
############
♣...♣♣
..........#
♣....♣
########.##
#....#
#.#####....#


You could see Crazy Yiuf (berserk).

Vanquished Creatures
  Terence (D:2)
  4 adders (D:2)
  A dart slug (D:1)
  5 endoplasms
  3 giant cockroaches
  A goblin (D:2)
  3 hobgoblins
  3 quokkas (D:2)
  2 bats
  3 frilled lizards
  3 kobolds
  8 rats
37 creatures vanquished.

Vanquished Creatures (others)
  2 plants (D:1)
2 creatures vanquished.

Grand Total: 39 creatures vanquished

Notes
Turn   | Place    | Note
-------+----------+-------------------------------------------
     0 | D:1      | Lanoc the Deep Elf Earth Elementalist began the quest for
                  | the Orb.
     0 | D:1      | Reached XP level 1. HP: 10/10 MP: 6/6
   156 | D:1      | Found a faded altar of an unknown god.
   170 | D:1      | Prayed at the altar of an unknown god.
   170 | D:1      | Became a worshipper of Uskayaw the Reveller
   170 | D:1      | Reached * piety under Uskayaw
   269 | D:1      | Reached ** piety under Uskayaw
   270 | D:1      | Reached XP level 2. HP: 15/15 MP: 5/8
   439 | D:1      | Reached skill level 4 in Earth Magic
   833 | D:2      | Reached XP level 3. HP: 19/19 MP: 6/9
   940 | D:2      | Reached *** piety under Uskayaw
  1049 | D:2      | Noticed Terence
  1054 | D:2      | Killed Terence
  1055 | D:2      | Reached XP level 4. HP: 15/24 MP: 4/10
  1119 | D:2      | Reached skill level 5 in Earth Magic
  1484 | D:2      | Found a runed translucent door.
  1485 | D:2      | Noticed Crazy Yiuf
  1877 | D:2      | Mangled by Crazy Yiuf

Illustrated notes

Levels and vault maps discovered:
D:1:      psy_arrival_dodecagon, layout_rooms,
          shapermc_ecumenical_altar_mp_ritualfount, minmay_cut_off
D:2:      layout_basic, uniq_crazy_yiuf_cottage, uniq_terence

Skill      XL: |  1  2  3  4 |
---------------+-------------+-----
Earth Magic    | 4 5 |  5.1
Dodging        | 3 |  3.8
Stealth        | |  2.4
Spellcasting   | |  3.0
Transmutations | |  1.1

Action                   |  1- 3 |  4- 6 || total
-------------------------+-------+-------++-------
Melee: Short sword       |     6 |       ||     6
       Punch             |     1 |       ||     1
 Cast: Sandblast         |    36 |    15 ||    51
Armor: Robe              |     1 |       ||     1
Dodge: Dodged            |     5 |     1 ||     6

Table legend: (Time is in decaauts)
 A = Elapsed time spent in this place.
 B = Non-inter-level travel time spent in this place.
 C = Inter-level travel time spent in this place.
 D = Time resting spent in this place.
 E = Time spent auto-exploring this place.
 F = Levels seen in this place.
 G = Mean time per level.
                   A        B        C        D        E       F      G
               +--------+--------+--------+--------+--------+-----+--------+
         Total |   1901 |   1878 |     23 |      0 |   1665 |   2 |  950.5 |
       Dungeon |   1901 |   1878 |     23 |      0 |   1665 |   2 |  950.5 |
               +--------+--------+--------+--------+--------+-----+--------+

Top non-repeatable levels by time:
     D:2: 1182 daAuts
     D:1: 719 daAuts
